[Event "Team 45 45 League T51"]
[Site "Internet Chess Club"]
[Date "2011.12.01"]
[Round "4"]
[White "ddlj81"]
[Black "justice02"]
[Result "1-0"]
[WhiteElo "1834"]
[BlackElo "1759"]
[Opening "Caro-Kann: classical, 6.h4"]
[ECO "B19"]
[Time "22:00:23"]
[TimeControl "2700+45"]

1. e4 c6 2. d4 d5 3. Nc3 dxe4 4. Nxe4 Bf5 5. Ng3 Bg6 6. h4 h6 7. Nf3 Nf6 8. Ne5
Nbd7 9. Nxg6 fxg6 10. Bd3 Qa5+ 11. Bd2 Qd5 12. Bxg6+ Kd8 13. O-O e5 14. dxe5
Nxe5 15. Bf5 Bd6 16. Bc3 Kc7 17. Qe2 Rae8 18. Rfd1 Qf7 19. Qd2 Nc4 20. Qd3 Bc5
21. b3 Ne3 22. Bg6 Qd5 23. Qxd5 Nfxd5 24. Rd3 Nxc2 25. Bxe8 Nxa1 26. Be5+ Kb6
27. Bg6 Nc2 28. Rxd5 cxd5 29. Bxc2 Rf8 30. Nf5 Bxf2+ 31. Kxf2 g6 32. g4 h5 33.
gxh5 gxf5 34. h6 Rf7 35. Kf3 Kc6 36. Kf4 d4 37. Bxd4 Kd5 38. Bg7 Ke6 39. b4 Rc7
40. Bxf5+ Kf7 41. Kg5 Rc4 42. Be5 Rxb4 43. h7 {Black resigns} 1-0

[Event "Team 45 45 League T51"]
[Site "Internet Chess Club"]
[Date "2011.12.04"]
[Round "4"]
[White "qs16"]
[Black "Theodulf"]
[Result "0-1"]
[WhiteElo "1708"]
[BlackElo "1686"]
[Opening "Queen's pawn game"]
[ECO "D00"]
[Time "09:00:28"]
[TimeControl "2700+45"]

1. d4 d5 2. Nd2 Nf6 3. e3 Nc6 4. Bd3 e5 5. dxe5 Nxe5 6. f4 Nxd3+ 7. cxd3 Bc5 8.
Nb3 Bb6 9. Nf3 O-O 10. O-O Qd6 11. Ne5 Nd7 12. d4 f6 13. Nxd7 Bxd7 14. Bd2 Rac8
15. Qe1 Rfe8 16. Rc1 Bb5 17. Bb4 Qe6 18. Rf3 Bc4 19. Nc5 Bxc5 20. Bxc5 b6 21. b3
bxc5 22. bxc4 cxd4 23. cxd5 Qxd5 24. Qd1 c5 25. Rc2 d3 26. Kf2 c4 27. Rd2 Red8
28. g3 c3 29. e4 Qd4+ {White resigns} 0-1

[Event "Team 45 45 League T51"]
[Site "Internet Chess Club"]
[Date "2011.12.11"]
[Round "4"]
[White "Killian"]
[Black "SlimeDog2"]
[Result "0-1"]
[WhiteElo "2012"]
[BlackElo "2128"]
[Opening "Petrov: classical attack, Marshall variation"]
[ECO "C42"]
[Time "15:00:08"]
[TimeControl "2700+45"]

1. e4 e5 2. Nf3 Nf6 3. Nxe5 d6 4. Nf3 Nxe4 5. d4 d5 6. Bd3 Bd6 7. O-O O-O 8. c4
c6 9. Nc3 Nxc3 10. bxc3 Bg4 11. h3 Bh5 12. c5 Bc7 13. Re1 Nd7 14. Rb1 b6 15.
cxb6 axb6 16. a3 Bd6 17. Ra1 Re8 18. Rxe8+ Qxe8 19. Qe2 Qxe2 20. Bxe2 b5 21. Bb2
Nb6 22. g4 Bg6 23. Ne5 Bxe5 24. dxe5 Na4 25. Bc1 Nxc3 26. Bf1 Be4 27. Be3 b4 28.
Bd4 c5 29. Bxc3 bxc3 30. a4 d4 31. Bb5 d3 32. Kf1 d2 33. Ke2 Bf3+ 34. Kxf3 c2
{White resigns} 0-1

[Event "Team 45 45 League T51"]
[Site "Internet Chess Club"]
[Date "2011.12.01"]
[Round "4"]
[White "Eyechess"]
[Black "SimplyClaudia"]
[Result "1-0"]
[WhiteElo "1980"]
[BlackElo "1733"]
[Opening "French: advance, Milner-Barry gambit"]
[ECO "C02"]
[Time "19:00:36"]
[TimeControl "2700+45"]

1. e4 e6 2. d4 d5 3. e5 c5 4. c3 Nc6 5. Nf3 Qb6 6. Bd3 Bd7 7. dxc5 Bxc5 8. O-O
f6 9. b4 Be7 10. Bf4 fxe5 11. Nxe5 Nxe5 12. Bxe5 Bf6 13. Qh5+ Kd8 14. a4 Be8 15.
Qe2 Bxe5 16. Qxe5 Nf6 17. a5 Qc6 18. b5 Qd7 19. Re1 Bf7 20. c4 Re8 21. Nc3 Re7
22. b6 a6 23. Bc2 Ne8 24. c5 h6 25. Ba4 Qc8 26. Nxd5 Qxc5 27. Nxe7 Qxe5 28. Nc6+
bxc6 29. Rxe5 Kd7 30. Rd1+ Nd6 31. Rc5 Ke7 32. Rxc6 Rd8 33. Rcxd6 Rxd6 34. b7
Rxd1+ 35. Bxd1 Kf6 36. b8=Q g5 37. Qh8+ Kg6 38. Bc2+ Kh5 39. h3 g4 40. hxg4+ Kg5
41. Qg7+ Kf4 42. Qxf7+ Ke5 43. f4+ Kd6 44. Kf2 Kc5 45. Qxe6 Kb4 46. Bd3 Kc5 47.
Qxh6 Kd4 48. Ke2 Kc5 49. Qb6+ Kd5 50. Qxa6 Kc5 51. Qb5+ Kd6 52. a6 Ke7 53. a7
Kd6 54. Qe5+ Kd7 55. Bb5+ Kc8 56. a8=Q# {Black checkmated} 1-0

[Event "Team 45 45 League T51"]
[Site "Internet Chess Club"]
[Date "2011.12.04"]
[Round "4"]
[White "ILRE"]
[Black "plutonas"]
[Result "1-0"]
[WhiteElo "1695"]
[BlackElo "1379"]
[Opening "English opening"]
[ECO "A15"]
[Time "07:00:53"]
[TimeControl "2700+45"]

1. c4 Nf6 2. Nf3 g6 3. Nc3 Bg7 4. g3 O-O 5. Bg2 d6 6. d3 c6 7. O-O Nbd7 8. b4
Nb6 9. a4 Nbd5 10. cxd5 Nxd5 11. Nxd5 Bxa1 12. Bh6 Bg7 13. Bxg7 Kxg7 14. Nc3 Qb6
15. Qa1 Kg8 16. Rb1 Be6 17. Ne4 a6 18. Qc3 Rac8 19. Qd2 Kg7 20. h4 f6 21. Nh2 a5
22. b5 cxb5 23. Rxb5 Qc7 24. Nf1 Bd7 25. Rxa5 b6 26. Rd5 Bxa4 27. Rd4 b5 28. Bh3
f5 29. Ng5 Rf6 30. Kh2 h6 31. Nf3 e5 32. Rb4 Qc3 33. Ne3 Qxd2 34. Nxd2 Rc1 35.
Nd5 Rf8 36. Bg2 Rc2 37. Nb1 Rxe2 38. Nbc3 Rxf2 39. Nxa4 bxa4 40. Rxa4 Rf7 41.
Kh3 Rb7 42. Ne3 Rbb2 43. Ra7+ Kf6 44. Nd5+ Ke6 45. Re7# {Black checkmated} 1-0